 Dungeon Crawl Stone Soup version 0.25-a0-425-g0e000e855e (console) character file.

Game seed: 3710973092269327815, levelgen mode: deterministic

218 Asser the Digger (level 5, 0/28 HPs)
             Began as a Gargoyle Earth Elementalist on Jan 24, 2020.
             Was an Initiate of Cheibriados.
             Slain by Grinder (5 damage)
             ... on level 4 of the Dungeon.
             The game lasted 00:12:07 (1800 turns).

Asser the Digger (Gargoyle Earth Elementalist)      Turns: 1800, Time: 00:12:07

Health: 0/28       AC: 14    Str: 12    XL:     5   Next: 95%
Magic:  8/10       EV:  3    Int: 18    God:    Cheibriados [......]
Gold:   84         SH:  0    Dex: 11    Spells: 10/11 levels left

rFire    . . .     SeeInvis .   (no weapon)
rCold    . . .     Gourm    .   (no shield)
rNeg     + . .     Faith    .   a - +0 plate armour
rPois    ∞         Spirit   .   (no helmet)
rElec    +         Reflect  .   (no cloak)
rCorr    .         Harm     .   (no gloves)
MR       .....                  (no boots)
Stlth    ..........             (no amulet)
HPRegen  0.09/turn              (no ring)
MPRegen  0.12/turn              (no ring)

@: very slightly contaminated, invisible, slow
A: negative energy resistance 1, electricity resistance, unbreathing,
petrification resistance, rot immunity, AC +4
a: Bend Time, Renounce Religion


You were on level 4 of the Dungeon.
You worshipped Cheibriados.
Cheibriados was noncommittal.
You were not hungry.

You visited 1 branch of the dungeon, and saw 3 of its levels.

You collected 84 gold pieces.

Inventory:

Armour
 a - a +0 plate armour (worn)
 l - a +0 scale mail
Scrolls
 b - a scroll of remove curse
 g - a scroll of immolation
 k - a scroll of magic mapping
Potions
 e - 3 potions of curing
 i - 2 potions of might {unknown}


   Skills:
 + Level 1.8 Throwing
 + Level 1.4 Armour
 + Level 2.1 Dodging
 + Level 2.5 Stealth
 + Level 3.6 Spellcasting
   Level 0.7 Transmutations
 + Level 4.8 Earth Magic
 + Level 0.1 Invocations


You had 10 spell levels left.
You knew the following spells:

 Your Spells              Type           Power        Failure   Level  Hunger
a - Sandblast             Erth           ###...       99%         1    None

Your spell library contained the following spells:

 Spells                   Type           Power        Failure   Level  Hunger
 Passwall                 Tmut/Erth      ##......     100%        2    ##.....
 Stone Arrow              Conj/Erth      ##....       100%        3    ###....
 Petrify                  Tmut/Erth      ##......     100%        4    ####...
 Lee's Rapid Deconstruct  Erth           ###.......   100%        5    ######.


Dungeon Overview and Level Annotations

Branches:
Dungeon (2/15)

Altars:
Cheibriados

Annotations:
D:4 Grinder


Innate Abilities, Weirdness & Mutations

You are resistant to torment.
Your stone body is resilient. (AC +4)
You are immune to poison.
You resist negative energy. (rN+)
You are resistant to electric shocks. (rElec)
You can survive without breathing.
You are immune to petrification.
You are immune to rotting.


Message History

You throw a silver boomerang.
The silver boomerang barely misses Grinder.
Grinder completely misses you.
Firing (i - inventory) No suitable missiles.
Press: ? - help, Shift-Dir - straight line, f/p - Grinder
Aim: Grinder (severely wounded)
Okay, then.
Unknown command.
Firing (i - inventory) No suitable missiles.
Press: ? - help, Shift-Dir - straight line, f/p - Grinder
Aim: Grinder (severely wounded)
Okay, then.
Firing (i - inventory) No suitable missiles.
Press: ? - help, Shift-Dir - straight line, f/p - Grinder
Aim: Grinder (severely wounded)
Okay, then.
You fade into invisibility!
Grinder hits you but does no damage. Grinder hits you.
You die...

............#....####.......
............####.# #.......
.!......###....#+####.......
............................
............................
##+#####..............^.....
#....................
#...(..........######
###............(.##
#......##.........#####
#...$5@................
#.....####.####....##.#####
...... #$.....#.........
..... ...###.#..##.####
###.. .... .....# .# #.
.....#...... ## .....#......
........../.. .#.......


You could see Grinder.

Vanquished Creatures
  A phantom (D:4)
  A scorpion (D:4)
  Natasha (D:2)
  An adder (D:2)
  A worm (D:2)
  2 dart slugs
  5 bats
  5 goblins
  3 hobgoblins (D:1)
  8 jackals
  6 kobolds
  A frilled lizard (D:1)
  A rat (D:1)
36 creatures vanquished.

Notes
Turn   | Place    | Note
-------+----------+-------------------------------------------
     0 | D:1      | Asser the Gargoyle Earth Elementalist began the quest for
                  | the Orb.
     0 | D:1      | Reached XP level 1. HP: 10/10 MP: 3/3
   183 | D:1      | Reached XP level 2. HP: 5/15 MP: 0/5
   536 | D:1      | Reached XP level 3. HP: 19/19 MP: 5/7
  1418 | D:2      | Noticed Natasha
  1427 | D:2      | Killed Natasha
  1427 | D:2      | Reached skill level 4 in Earth Magic
  1427 | D:2      | Reached XP level 4. HP: 5/24 MP: 3/8
  1497 | D:2      | Found a snail-covered altar of Cheibriados.
  1509 | D:2      | Became a worshipper of Cheibriados the Contemplative
  1610 | D:2      | You are sucked into a shaft and drop 2 floors!
  1611 | D:4      | Noticed a phantom
  1652 | D:4      | Killed a phantom
  1652 | D:4      | Reached skill level 1 in Throwing
  1652 | D:4      | Reached skill level 1 in Armour
  1652 | D:4      | Reached XP level 5. HP: 18/28 MP: 8/10
  1774 | D:4      | Noticed Grinder
  1776 | D:4      | Paralysed by Grinder for 5 turns
  1788 | D:4      | Paralysed by Grinder for 6 turns
  1800 | D:4      | Slain by Grinder

Levels and vault maps discovered:
D:1:      ncdulo_smallfort, layout_loops_corners, hangedman_decor_lopped
D:2:      layout_loops_ring, cheibriados_altar_1, uniq_natasha
D:4:      minmay_bubble_buster, layout_basic, eat_drink_and_be_merry_uskayaw,
          saegor_snake_ambush, uniq_grinder

Skill      XL: |  1  2  3  4 |
---------------+-------------+-----
Dodging        | 2 |  2.1
Spellcasting   | 3 |  3.6
Earth Magic    | 4 |  4.8
Throwing       | 1 |  1.8
Armour         | 1 |  1.4
Stealth        | |  2.5
Transmutations | |  0.7
Invocations    | |  0.1

Action                   |  1- 3 |  4- 6 || total
-------------------------+-------+-------++-------
Melee: Unarmed           |    23 |     1 ||    24
Throw: Stone             |     5 |       ||     5
       Boomerang         |     9 |    59 ||    68
 Cast: Sandblast         |    44 |    10 ||    54
Invok: Bend Time         |       |     2 ||     2
  Use: Scroll            |     2 |     4 ||     6
       Potion            |       |     3 ||     3
  Eat: Ration            |     1 |       ||     1
Armor: Robe              |    27 |       ||    27
       Scale mail        |    38 |    10 ||    48
       Plate armour      |       |    31 ||    31
Dodge: Dodged            |    95 |    20 ||   115

Table legend:
 A = Non-vault XP
 B = Vault XP
 C = Vault XP percentage of total XP
 D = Non-vault monster count
 E = Vault monster count
 F = Vault count percentage of total count
                 A         B        C        D         E       F
            +---------+---------+-------+---------+---------+-------
      Total |     277 |      35 |  11.2 |      35 |       1 |   2.8
            +---------+---------+-------+---------+---------+-------
        D:1 |      43 |       0 |   0.0 |      24 |       0 |   0.0
        D:2 |      31 |      35 |  53.0 |       9 |       1 |  10.0
        D:4 |     203 |       0 |   0.0 |       2 |       0 |   0.0
            +---------+---------+-------+---------+---------+-------
